Map: Jagannatha LE

Players

Astrea - Winner!

  • Race: Protoss Protoss

Nina

  • Race: Protoss Protoss

Event: DreamHack SC2 Masters 2021 Fall

VOD

Have the link to the VOD?

Description

Time

  • Played on: Aug. 13, 2021, 4:53 p.m.
  • Length: 8:09

All games in this series

Show
View Real Time Build Order
Export as new Build Order

Astrea Protoss - Winner!

Build Orders:  

Get SALT Encoding   

  12  0:00  Probe  
  13  0:12  Probe  
  14  0:17  Pylon  
  14  0:24  Probe (Chrono Boost)  
  15  0:36  Probe (Chrono Boost)  
  15  0:37  Gateway  
  16  0:44  Probe (Chrono Boost)  
  16  0:48  Assimilator  
  17  0:51  Probe  
  17  0:55  Assimilator  
  18  1:03  Probe (Chrono Boost)  
  19  1:09  Gateway  
  19  1:14  Probe (Chrono Boost)  
  20  1:19  Probe (Chrono Boost)  
  20  1:24  Cybernetics Core  
  21  1:29  Probe  
  22  1:36  Pylon  
  22  1:41  Probe  
  23  1:54  Probe  
  23  1:59  Warp Gate (Chrono Boost)  
  23  2:00  Stalker x2  
  28  2:06  Probe  
  29  2:15  Pylon  
  29  2:22  Pylon  
  29  2:33  Stalker  
  29  2:35  Stalker  
  33  2:44  Gateway  
  33  3:03  Sentry  
  35  3:12  Nexus  
  33  3:24  Probe  
  34  3:27  Pylon  
  34  3:36  Probe  
  35  3:45  Stalker x3  
  35  3:48  Probe  
  42  3:55  Pylon  
  40  4:12  Stalker x2  
  44  4:22  Stalker  
  44  4:23  Probe  
  45  4:28  Probe  
  44  4:35  Probe  
  45  4:41  Probe  
  42  4:45  Stalker x2  
  42  4:48  Stalker  
  44  4:54  Probe  
  44  4:58  Probe  
  44  5:03  Robotics Facility  
  44  5:13  Probe  
  43  5:14  Sentry, Stalker  
  43  5:17  Stalker  
  43  5:19  Probe  
  48  5:28  Probe  
  48  5:34  Probe  
  48  5:40  Stalker x3  
  50  5:44  Probe  
  50  5:46  Probe  
  48  5:59  Probe  
  48  6:00  Observer (Chrono Boost)  
  48  6:06  Stalker x3  
  48  6:09  Probe  
  48  6:10  Assimilator  
  55  6:15  Probe  
  55  6:17  Warp Prism (Chrono Boost)  
  56  6:21  Assimilator, Probe  
  56  6:24  Pylon  
  59  6:29  Stalker x2  
  63  6:32  Stalker  
  55  6:47  Probe  
  55  6:50  Probe  
  51  6:54  Stalker x2  
  51  6:59  Probe  
  52  7:02  Stalker  
  52  7:03  Probe  
  52  7:11  Probe  
  52  7:15  Probe  
  49  7:22  Adept  
  49  7:23  Probe  
  49  7:26  Adept x2, Probe  
  55  7:31  Observer (Chrono Boost)  
  55  7:32  Probe  
  55  7:34  Probe  
  57  7:42  Nexus  
  63  8:02  Twilight Council  
Show
View Real Time Build Order
Export as new Build Order

Nina Protoss 

Build Orders:  

Get SALT Encoding   

  12  0:00  Probe  
  13  0:12  Probe  
  14  0:16  Pylon  
  14  0:24  Probe (Chrono Boost)  
  15  0:36  Probe (Chrono Boost)  
  15  0:38  Gateway  
  16  0:44  Probe (Chrono Boost)  
  16  0:49  Assimilator  
  17  0:51  Probe  
  18  0:59  Assimilator  
  18  1:03  Probe (Chrono Boost)  
  19  1:14  Probe (Chrono Boost)  
  19  1:15  Gateway  
  20  1:18  Probe (Chrono Boost)  
  21  1:26  Cybernetics Core  
  21  1:29  Probe  
  22  1:37  Pylon  
  22  1:41  Probe  
  23  1:55  Probe  
  24  2:02  Stalker x2  
  24  2:05  Warp Gate  
  24  2:07  Probe  
  29  2:19  Pylon, Probe  
  30  2:31  Probe  
  30  2:40  Nexus  
  32  2:44  Sentry  
  32  2:46  Probe (Chrono Boost)  
  33  2:52  Sentry  
  33  2:55  Probe (Chrono Boost)  
  36  3:02  Shield Battery  
  36  3:09  Pylon  
  36  3:10  Probe  
  37  3:19  Pylon  
  37  3:30  Twilight Council  
  38  3:35  Gateway  
  38  3:39  Probe  
  38  3:43  Gateway  
  38  3:51  Probe  
  38  3:53  Stalker  
  41  3:58  Stalker  
  42  4:16  Stalker  
  38  4:24  Stalker  
  36  4:33  Stalker  
  36  4:37  Pylon  
  35  4:39  Stalker  
  35  4:44  Zealot  
  34  4:48  Stalker  
  34  4:50  Probe  
  34  4:58  Stalker  
  31  5:03  Sentry  
  33  5:11  Stalker  
  33  5:14  Sentry  
  35  5:25  Stalker  
  35  5:35  Stalker  
  37  5:39  Stalker  
  37  5:47  Stalker  
  36  5:59  Stalker  
  33  6:06  Stalker  
  35  6:15  Adept x2  
  40  6:27  Stalker  
  40  6:31  Adept  
  41  6:42  Stalker  
  39  6:53  Stalker  
  33  7:01  Stalker  
  33  7:09  Stalker  
  31  7:19  Stalker  
  31  7:22  Probe x2 (Chrono Boost)  
  35  7:26  Stalker  
  37  7:35  Stalker  
  39  7:38  Probe (Chrono Boost)  
  39  7:39  Probe (Chrono Boost)  
  38  7:59  Stalker  

Tags
 
Add a new tag
Caveats
  • Supply blocks, unpowered buildings, or Contaminate may cause inaccurate times.
  • Supply counts are checked every 10 seconds.